AoeStats
← Nap0leoN

Nomad

510577570Analyzed
2v2 RM · 15h ago on Oct 1, 2026· 48m 1s· 4 players
Game mode
Random Map
Map size
176×176
Population
200
Speed
Normal
Resources
Standard
Victory
Conquest
Starting age
Dark Age
Ending age
Imperial Age
RankedLock teamsTeams togetherTeam positionsShared explorationLock speedFull tech treeHidden civsTurbo modeCheats
Victory
Defeat
🇩🇪 Cumans · Germany
1121
+16
🇩🇪 Vikings · Germany
1121
+16
🇧🇷 Saxons · Brazil
1134
-17
🇫🇷 Chinese · France
1095
-15
Banane
5:15 Loom
12:52 Feudal Age
17:14 Man-at-Arms
24:59 Castle Age
27:21 Forging
27:02 Double-Bit Axe
28:03 Elite Skirmisher
31:27 Town Watch
31:33 Horse Collar
34:35 Scale Mail Armor
36:44 Heavy Plow
39:26 Bow Saw
43:05 Chain Mail Armor
43:26 Iron Casting
44:25 Town Patrol
Savidlin
4:40 Loom
12:41 Feudal Age
13:44 Gold Mining
23:12 Castle Age
21:32 Fletching
22:11 Double-Bit Axe
24:09 Thumb Ring
25:38 Stone Mining
29:02 Bodkin Arrow
29:07 Padded Archer Armor
31:36 Wheelbarrow
30:46 Town Watch
32:02 Ballistics
31:45 Padded Archer Armor
33:04 Leather Archer Armor
36:09 Imperial Age
33:31 Horse Collar
37:42 Ring Archer Armor
37:27 Cuman Mercenaries
37:27 Murder Holes
37:42 Masonry
38:52 Elite Kipchak
41:08 Conscription
45:10 Guilds
45:31 Coinage
45:02 Caravan
45:58 Hand Cart
45:43 Town Patrol
47:44 Capped Ram
Nap0leoN
3:59 Loom
15:24 Feudal Age
19:45 Castle Age
18:24 Stone Mining
31:08 Fletching
35:19 Ballistics
35:04 Bodkin Arrow
38:05 Wheelbarrow
37:27 Gold Mining
37:27 Double-Bit Axe
43:13 Imperial Age
41:06 Scale Barding Armor
41:12 Forging
41:50 Bloodlines
42:06 Horse Collar
43:04 Thumb Ring
45:02 Conscription
47:20 Bracer
ToninMarvado
3:19 Loom
14:14 Feudal Age
20:11 Castle Age
18:59 Fletching
19:10 Padded Archer Armor
21:12 Wheelbarrow
20:27 Double-Bit Axe
20:53 Town Watch
26:01 Bodkin Arrow
26:59 Leather Archer Armor
28:01 Ballistics
30:14 Scale Mail Armor
30:24 Forging
33:48 Imperial Age
31:43 Gold Mining
31:37 Horse Collar
32:54 Iron Casting
32:29 Heavy Plow
32:29 Crossbowman
34:08 Thumb Ring
34:23 Fishing Lines
35:16 Chain Mail Armor
35:35 Gillnets
36:30 Hand Cart
37:28 Stone Mining
39:05 Arbalester
45:11 Ring Archer Armor
44:57 Town Patrol
Connection lost

Rejoining the realm…

Still unreachable

The connection could not be restored.

Session expired

The server has moved on; the page needs a fresh start.